AoeStats
← PomPom

Arabia

513541286Analyzed
1v1 RM · 3d ago on Oct 14, 2026· 37m 31s· 2 players
Game mode
Random Map
Map size
Tiny (2 player)
Population
200
Speed
Normal
Resources
Standard
Victory
Conquest
Starting age
Dark Age
Ending age
Imperial Age
RankedLock teamsTeams togetherTeam positionsShared explorationLock speedFull tech treeHidden civsTurbo modeCheats
Victory
Defeat
🇻🇳 Dravidians · Vietnam
1768
+16
vs
🇲🇽 Gurjaras · Mexico
1761
-16
UXKEKO
6:14 Loom
9:04 Feudal Age
9:55 Double-Bit Axe
10:00 Horse Collar
14:59 Town Watch
18:19 Wheelbarrow
21:24 Castle Age
19:53 Fletching
20:26 Forging
21:43 Scale Barding Armor
22:15 Husbandry
22:26 Bloodlines
23:10 Chain Barding Armor
25:05 Bow Saw
35:52 Bodkin Arrow
PomPom
6:51 Loom
9:12 Feudal Age
10:07 Double-Bit Axe
13:03 Horse Collar
19:52 Castle Age
18:11 Gold Mining
20:45 Bow Saw
20:36 Heavy Plow
20:29 Fletching
20:06 Crossbowman
21:08 Bodkin Arrow
24:15 Wheelbarrow
25:36 Padded Archer Armor
28:03 Ballistics
27:13 Pikeman
29:35 Squires
33:16 Scale Mail Armor
33:32 Leather Archer Armor
37:25 Imperial Age
35:07 Thumb Ring
36:18 Stone Mining
37:05 Chain Mail Armor
36:36 Gambesons
Connection lost

Rejoining the realm…

Still unreachable

The connection could not be restored.

Session expired

The server has moved on; the page needs a fresh start.